 Dungeon Crawl Stone Soup version 0.31-a0-859-g9dce7d3444 (webtiles) character file.

Game seed: 7448443960640707836

253122 Joey1 the Hoplite (level 18, -1/178 HPs)
             Began as a Minotaur Berserker on Oct 9, 2023.
             Was the Champion of Trog.
             Slain by a four-headed hydra (5 damage)
             ... called by a spriggan druid
             ... on level 4 of the Swamp.
             The game lasted 01:34:30 (40324 turns).

Joey1 the Hoplite (Minotaur Berserker)             Turns: 40324, Time: 01:34:31

Health: -1/178     AC: 27    Str: 27    XL:     18   Next: 98%
Magic:  17/17      EV: 10    Int:  9    God:    Trog [******]
Gold:   1369       SH: 16    Dex: 11    Spells: 17/17 levels left

rFire   . . .        a - +6 broad axe (flame)
rCold   . . .        K - +0 kite shield
rNeg    . . .        l - +5 plate armour "Posmem" {Will+ Int+3}
rPois   +            Q - +1 hat {SInv}
rElec   .            I - +2 cloak
rCorr   .            P - +1 pair of gloves of the Great Game {SInv}
SInv    +            n - +0 pair of boots
Will    ++...        g - amulet of regeneration Stlth
                     v - +4 ring of slaying
HPRegen 1.29/turn    G - ring of poison resistance
MPRegen 0.15/turn

%: no passive effects
@: about to teleport
A: horns 2, retaliatory headbutt
}: 2/15 runes: decaying, serpentine
a: Renounce Religion, Berserk, Trog's Hand, Brothers in Arms


You were on level 4 of the Swamp.
You worshipped Trog.
Trog was exalted by your worship.
You visited 5 branches of the dungeon, and saw 30 of its levels.

You collected 3196 gold pieces.
You spent 1827 gold pieces at shops.

Inventory:

Hand Weapons
 a - a +6 broad axe of flaming (weapon)
 J - a +2 heavy broad axe
Missiles
 d - 16 curare-tipped darts
 w - 2 throwing nets
 N - 7 javelins
Armour
 l - the +5 plate armour "Posmem" (worn) {Will+ Int+3}
   (You bought it in a shop on level 2 of the Orcish Mines)

   Int+3:     It affects your intelligence (+3).
   Will+:     It increases your willpower.
 n - a +0 pair of boots (worn)
 D - the scarf of Zin, Imbibing {+Inv, rF+ Int+3}
   (You bought it in a shop on level 2 of the Orcish Mines)

   Int+3:     It affects your intelligence (+3).
   rF+:       It protects you from fire.
 I - a +2 cloak (worn)
 K - a +0 kite shield (worn)
 P - the +1 pair of gloves of the Great Game (worn) {SInv}
   (You bought it in a shop on level 11 of the Dungeon)

   SInv:      It lets you see invisible.
 Q - a +1 hat of see invisible (worn)
 Z - +0 ice dragon scales
Jewellery
 g - an amulet of regeneration (around neck)
 v - a +4 ring of slaying (left hand)
 y - a ring of positive energy
 G - a ring of poison resistance (right hand)
 L - an amulet of reflection
 W - a ring of willpower
Wands
 j - a wand of polymorph (3)
 r - a wand of paralysis (59)
 R - a wand of light (16)
 S - a wand of mindburst (14)
 T - a wand of flame (29)
 Y - a wand of iceblast (7)
Scrolls
 b - a scroll of revelation {unknown}
 e - 4 scrolls of teleportation
 f - 3 scrolls of enchant armour
 k - 5 scrolls of fog
 p - 3 scrolls of poison
 s - 2 scrolls of noise {unknown}
 t - 2 scrolls of fear
 B - 2 scrolls of acquirement {unknown}
 E - 3 scrolls of torment
 F - 2 scrolls of silence {unknown}
 M - 4 scrolls of vulnerability
 U - a scroll of blinking {unknown}
 V - a scroll of brand weapon {unknown}
Potions
 h - 9 potions of curing
 i - 4 potions of magic
 m - 5 potions of enlightenment
 o - 3 potions of lignification
 u - 5 potions of mutation
 x - a potion of haste {unknown}
 z - 2 potions of attraction
 C - 4 potions of heal wounds
 H - 2 potions of resistance
 O - a potion of ambrosia {unknown}
 X - a potion of might {unknown}
Miscellaneous
 c - a phial of floods
 q - a tin of tremorstones (2/2)
 A - a phantom mirror


   Skills:
 - Level 20.0 Fighting
 - Level 18.0 Axes
 - Level 5.0 Throwing
 - Level 9.0 Armour
 - Level 8.0 Dodging
 - Level 23.0 Shields
 + Level 14.7 Evocations


You had 17 spell levels left.
You didn't know any spells.
Your spell library was empty.

Dungeon Overview and Level Annotations

Branches:
Dungeon (15/15)            Temple (0/1) D:6            Lair (5/5) D:11
  Swamp (4/4) Lair:3        Snake (4/4) Lair:3        Slime (0/5) Lair:5
    Orc (2/2) D:11            Elf (0/3) Orc:2        Vaults (0/5) D:14
 Depths (0/4) D:15

Altars:
Cheibriados
Elyvilon
Fedhas
Makhleb
Nemelex Xobeh
Okawaru
Sif Muna
Xom
Zin
The Shining One
Jiyva

Shops:
D:9 :   D:11 [   D:13 [   Orc:2 [[((   Snake:1 *   Snake:3 :

Portals:
Abyss: Swamp:1

Annotations:
D:13 Fiwishre's ghost, journeyman DjFE
Lair:5 exclusion: 3 oklob plants
Swamp:1 2 transporters, Kikiss's ghost, adept DrSh


Innate Abilities, Weirdness & Mutations

You have a pair of horns on your head.
You reflexively headbutt those who attack you in melee.


Message History

Press: ? - help, Q - select action, (/) - cycle Shift-Dir - straight line, f/p - seven-headed hydra
Aim: a seven-headed hydra (strong, chance to affect: 45%)
The seven-headed hydra resists with some effort.
The four-headed hydra bites you!
The four-headed hydra closely misses you.
The four-headed hydra bites you!!
You block the four-headed hydra's attack.
The seven-headed hydra barely misses you.
You furiously retaliate!
You headbutt the seven-headed hydra.
The seven-headed hydra bites you but does no damage.
The seven-headed hydra bites you!! The seven-headed hydra bites you!
* * * LOW HITPOINT WARNING * * *
You block the seven-headed hydra's attack.
The seven-headed hydra barely misses you.
You block the seven-headed hydra's attack.
As you read the scroll of teleportation, it crumbles to dust.
You feel strangely unstable. The four-headed hydra bites you!
* * * LOW HITPOINT WARNING * * *
The four-headed hydra closely misses you.
You block the four-headed hydra's attack.
The four-headed hydra bites you!!
* * * LOW HITPOINT WARNING * * *
You block the seven-headed hydra's attack.
The seven-headed hydra bites you but does no damage.
The seven-headed hydra bites you!
* * * LOW HITPOINT WARNING * * *
The seven-headed hydra barely misses you.
You block the seven-headed hydra's attack.
The seven-headed hydra bites you.
* * * LOW HITPOINT WARNING * * *
You block the seven-headed hydra's attack.
Okay, then.
As you read the scroll labelled WIXZOATT NYRE, it crumbles to dust.
You feel a surge of unholy energy.
The seven-headed hydra convulses!
The four-headed hydra convulses!
It was a scroll of torment.
The four-headed hydra closely misses you.
You furiously retaliate!
You headbutt the four-headed hydra.
The four-headed hydra barely misses you.
The four-headed hydra bites you.
You die...

..♣..~. ♣♣♣♣♣ .....§~.♣♣♣
♣♣♣♣♣.~.♣♣ .~~~.~~~.~♣
♣♣.♣♣~~.~.~ .~~~.§~~~.~
♣...~....~~ .~~~§?~~~.
♣♣.~........
.~.~..~~~♣♣♣♣~...~..~~..
♣.~~...♣♣.♣♣)♣.~~~.~..
♣.~~~)§♣..§..~~.♣.~~♣.
♣.~§~@D).)~..~.~..~...
♣♣....D.†.~.~....~.~~.
♣..~~~....<.§......~~.~
..~~.~~~~♣~♣†..~~.~.....
♣♣.~~.~.#~~~~~♣♣.~.....~.~.
♣♣.~~~~~##♣.#♣~~~~.~§~..~~.~
♣♣♣♣♣.~~~~♣♣ ♣♣#♣#♣~~.~..~.....
♣.~.♣~~~.# ########♣♣§..~~....~~
♣♣~~..~.~♣###..≈≈..####~~...~~.~.


You could see a seven-headed hydra (strong) and a four-headed hydra (strong).

Vanquished Creatures
  Saint Roka (Orc:2)
  Nikola (Swamp:3)
  A tentacled monstrosity (Swamp:4)
  Mlioglotl (Snake:2)
  Gastronok (D:11)
  2 thorn hunters (Swamp:4)
  Frances (D:14)
  Agnes (D:14)
  Aizul (Snake:1)
  Donald (Orc:2)
  A fenstrider witch (Swamp:4)
  8 nagarajas
  The ghost of Eshruez the Eclecticist, an adept DEIE of Ashenzari (Snake:1)
  An orc warlord (Orc:2)
  An ironbound preserver (D:14)
  A stone giant (D:15)
  7 eleionomae
  3 bunyips
  Snorg (D:13)
  An entropy weaver (shapeshifter) (D:14)
  A great orb of eyes (D:15)
  4 salamander tyrants
  An ice dragon (Lair:5)
  Erolcha (D:9)
  19 hydras
  2 catoblepae
  15 centaur warriors
  10 alligators
  18 anacondas
  10 two-headed ogres
  A death knight (D:13)
  7 boulder beetles
  Urug (D:11)
  8 naga warriors
  15 death yaks (Lair:4)
  8 tengu warriors
  6 naga sharpshooters
  An orc high priest (Orc:2)
  A goliath frog (Swamp:1)
  6 shock serpents
  Lodul (D:14)
  7 salamander mystics
  3 skysharks
  8 skeletal warriors
  A death drake (Swamp:3)
  7 spriggan druids
  9 naga ritualists
  10 swamp dragons
  8 bog bodies
  6 lindwurms
  2 phantasmal warriors
  A wizard (D:14)
  Pikel (D:8)
  A glowing orange brain (D:14)
  An orc knight (Orc:2)
  11 mana vipers
  5 deep elf pyromancers
  8 ugly things
  3 orc sorcerers (Orc:2)
  2 will-o-the-wisps (Swamp:2)
  2 manticores
  A salamander (shapeshifter) (D:12)
  28 salamanders
  14 elephants
  5 cyclopes
  43 black mambas
  6 guardian serpents
  2 gargoyles
  A cane toad (shapeshifter) (D:14)
  6 torpor snails
  10 cane toads
  16 naga magi
  4 rime drakes
  8 komodo dragons
  Jeremiah (D:9)
  A freezing wraith (D:9)
  A komodo dragon (shapeshifter) (D:14)
  4 kobold demonologists
  2 tengu conjurers
  13 hornets
  12 trolls
  A troll (shapeshifter) (D:14)
  2 polar bears
  A meliai (shapeshifter) (D:14)
  A queen bee (shapeshifter) (D:14)
  11 tyrant leeches
  A wolf spider simulacrum (D:15)
  Prince Ribbit (D:5)
  31 blink frogs
  A dream sheep (Lair:4)
  12 slime creatures
  2 vampires
  83 yaks
  A shadow (D:8)
  6 spriggans
  5 wraiths
  9 wyverns
  A yak (shapeshifter) (D:14)
  4 basilisks
  6 vampire mosquitoes
  A steam dragon (D:9)
  7 wargs
  41 nagas
  21 water moccasins
  12 swamp worms
  2 acid dragons
  25 orc warriors
  2 sky beasts (D:7)
  5 swamp drakes
  3 ice beasts
  3 black bears
  10 ogres
  A boggart (D:14)
  17 wolves
  7 centaurs
  A phantom (D:7)
  8 kobold brigands
  11 bullfrogs
  2 gnoll sergeants
  2 scorpions
  8 wights
  16 killer bees
  A vampire bat (D:3)
  6 electric eels
  7 howler monkeys
  5 hounds
  4 jellies
  15 orc priests
  Crazy Yiuf (D:2)
  An iron imp (D:15)
  4 gnoll boudas
  2 sleepcaps
  Jessica (D:3)
  5 iguanas
  29 orc wizards
  2 centaur simulacra
  Robin (D:4)
  34 gnolls
  7 adders
  A shadow imp (D:5)
  A white imp (D:6)
  6 worms
  5 dart slugs
  3 fire bats (D:3)
  88 orcs
  2 spectral bats (D:3)
  5 ball pythons
  14 bats
  A bat simulacrum (D:3)
  3 bat skeletons (D:3)
  A bat zombie (D:3)
  4 endoplasms
  3 giant cockroaches
  15 goblins
  7 hobgoblins
  4 jackals (D:1)
  2 quokkas
  A frilled lizard (D:2)
  21 kobolds
  5 rats
  3 butterflies
  A spectral weapon (Snake:4)
1151 creatures vanquished.

Vanquished Creatures (collateral kills)
  Sonja (D:13)
  An orc knight (D:14)
  A black mamba (Snake:2)
  A tyrant leech (Swamp:2)
  A hornet (Swamp:2)
  A spriggan (Swamp:2)
  A naga (Snake:2)
7 creatures vanquished.

Vanquished Creatures (others)
  2 bloated husks
  5 foxfires (Swamp:3)
7 creatures vanquished.

Grand Total: 1165 creatures vanquished

Notes
Turn   | Place    | Note
-------+----------+-------------------------------------------
     0 | D:1      | Joey1 the Minotaur Berserker began the quest for the Orb.
     0 | D:1      | Reached XP level 1. HP: 19/19 MP: 0/0
   303 | D:1      | Reached XP level 2. HP: 26/27 MP: 1/1
   351 | D:1      | Found a faded altar of an unknown god.
   893 | D:2      | Reached XP level 3. HP: 33/33 MP: 2/2
   953 | D:2      | Reached ** piety under Trog
  1013 | D:2      | Reached skill level 5 in Axes
  1013 | D:2      | Reached XP level 4. HP: 29/41 MP: 3/3
  1455 | D:2      | Found a runed translucent door.
  1456 | D:2      | Noticed Crazy Yiuf
  2157 | D:3      | Noticed Jessica
  2201 | D:3      | Killed Jessica
  2202 | D:3      | Reached XP level 5. HP: 38/47 MP: 4/4
  2239 | D:3      | Found a shimmering blue altar of Sif Muna.
  2500 | D:3      | Reached *** piety under Trog
  2533 | D:3      | Reached skill level 5 in Fighting
  2565 | D:3      | Reached XP level 6. HP: 43/55 MP: 5/5
  2756 | D:4      | Noticed a yak
  2756 | D:4      | Noticed a yak
  2756 | D:4      | Noticed a yak
  2757 | D:4      | Noticed a yak
  2814 | D:4      | Noticed Robin
  2826 | D:4      | Killed Robin
  2872 | D:5      | Entered Level 5 of the Dungeon
  2887 | D:5      | Reached skill level 5 in Armour
  2913 | D:5      | Noticed Prince Ribbit
  3062 | D:5      | Killed Prince Ribbit
  3063 | D:5      | Reached XP level 7. HP: 54/61 MP: 6/6
  3309 | D:5      | Reached skill level 10 in Axes
  3345 | D:5      | Reached XP level 8. HP: 68/68 MP: 7/7
  3783 | D:6      | Found a staircase to the Ecumenical Temple.
  3866 | D:6      | Reached **** piety under Trog
  4815 | D:6      | Reached XP level 9. HP: 57/73 MP: 8/8
  6066 | D:8      | Reached ***** piety under Trog
  6436 | D:8      | Noticed Pikel
  6450 | D:8      | Killed Pikel
  6728 | D:8      | Reached skill level 10 in Fighting
  6911 | D:9      | Reached XP level 10. HP: 93/93 MP: 9/9
  6957 | D:9      | Noticed a green ugly thing
  6958 | D:9      | Noticed a two-headed ogre
  6984 | D:8      | Killed a green ugly thing
  6985 | D:8      | Reached skill level 1 in Throwing
  6985 | D:8      | Reached skill level 1 in Evocations
  7227 | D:9      | Killed a two-headed ogre
  7448 | D:4      | Found a blossoming altar of Fedhas.
  7576 | D:4      | Found an iron altar of Okawaru.
  7866 | D:4      | Found a sparkling altar of Nemelex Xobeh.
  8179 | D:2      | Killed Crazy Yiuf
  8375 | D:9      | Found Ofeagig's Book Boutique.
  8541 | D:9      | Noticed Erolcha
  8551 | D:9      | Killed Erolcha
  8552 | D:9      | Reached XP level 11. HP: 99/101 MP: 10/10
  8582 | D:9      | Noticed a boulder beetle
  8586 | D:9      | Received a gift from Trog
  8597 | D:9      | Noticed a tengu warrior
  8822 | D:9      | Found a glowing silver altar of Zin.
  8822 | D:9      | Found a white marble altar of Elyvilon.
  8822 | D:9      | Found a glowing golden altar of the Shining One.
  8867 | D:9      | Reached skill level 5 in Dodging
  8930 | D:9      | Killed a tengu warrior
  9070 | D:9      | Identified the staff "Meha" {rPois rF- rN+ Dex+4 Stlth+
                  | Necro}
  9215 | D:9      | Noticed a deep elf pyromancer
  9229 | D:9      | Killed a deep elf pyromancer
  9230 | D:9      | Reached skill level 1 in Shields
  9254 | D:9      | Reached skill level 15 in Axes
  9267 | D:9      | Noticed Jeremiah
  9470 | D:9      | Killed Jeremiah
  9471 | D:9      | Reached skill level 2 in Shields
  9566 | D:9      | Killed a boulder beetle
  9876 | D:10     | Entered Level 10 of the Dungeon
  9940 | D:10     | Reached skill level 3 in Shields
 10226 | D:10     | Reached skill level 5 in Evocations
 10269 | D:10     | Reached skill level 4 in Shields
 10389 | D:10     | Found a shimmering altar of Xom.
 10556 | D:11     | Noticed Urug
 10572 | D:11     | Killed Urug
 10667 | D:11     | Noticed a boulder beetle
 10677 | D:11     | Killed a boulder beetle
 10947 | D:11     | Identified the +7 spear "Faghoff" {pain, Str+2}
 11014 | D:11     | Noticed a white ugly thing
 11025 | D:11     | Killed a white ugly thing
 11026 | D:11     | Reached XP level 12. HP: 93/113 MP: 11/11
 11040 | D:11     | Reached skill level 5 in Shields
 11217 | D:11     | Found a staircase to the Orcish Mines.
 11220 | D:11     | Found Aclitech's Armour Boutique.
 11382 | D:11     | Bought the +1 pair of gloves of the Great Game {SInv} for
                  | 331 gold pieces
 11502 | D:11     | Noticed Gastronok
 11505 | D:11     | Found a staircase to the Lair.
 11518 | D:11     | Killed Gastronok
 11915 | Lair:1   | Entered Level 1 of the Lair of Beasts
 11942 | Lair:1   | Reached skill level 6 in Shields
 12085 | Lair:1   | Received a gift from Trog
 12124 | Lair:1   | Reached skill level 7 in Shields
 12982 | Lair:2   | Reached skill level 8 in Shields
 12984 | Lair:2   | Reached XP level 13. HP: 117/123 MP: 12/12
 13698 | Lair:3   | Found a staircase to the Swamp.
 13852 | Lair:3   | Reached skill level 9 in Shields
 14204 | Lair:3   | Found a staircase to the Snake Pit.
 14726 | Lair:4   | Reached skill level 10 in Shields
 14952 | Lair:4   | Identified the +1 robe of Areqaf {rPois Int+5 Stlth+}
 15029 | Lair:4   | Received a gift from Trog
 15033 | Lair:4   | Reached skill level 15 in Fighting
 15308 | Lair:4   | Found a runed translucent door.
 15434 | Lair:4   | Reached skill level 11 in Shields
 15691 | Lair:4   | Reached XP level 14. HP: 84/135 MP: 13/13
 15982 | Lair:4   | Reached skill level 12 in Shields
 16453 | Lair:4   | Reached skill level 13 in Shields
 17318 | Lair:5   | Entered Level 5 of the Lair of Beasts
 17327 | Lair:5   | Reached skill level 14 in Shields
 17757 | Lair:5   | Found a staircase to the Slime Pits.
 17758 | Lair:5   | Found a viscous altar of Jiyva.
 18079 | Lair:5   | Reached skill level 15 in Shields
 18300 | Lair:5   | Received a gift from Trog
 18301 | Lair:5   | Reached skill level 5 in Throwing
 18682 | Lair:5   | Found a runed translucent door.
 19570 | Orc:1    | Entered Level 1 of the Orcish Mines
 19732 | Orc:2    | Entered Level 2 of the Orcish Mines
 19792 | Orc:2    | Found a burning altar of Makhleb.
 19793 | Orc:2    | Found a staircase to the Elven Halls.
 19930 | Orc:2    | Reached XP level 15. HP: 95/141 MP: 14/14
 20121 | Orc:2    | Noticed Donald
 20150 | Orc:2    | Killed Donald
 20476 | Orc:1    | Reached ****** piety under Trog
 20485 | Orc:1    | Received a gift from Trog
 20686 | Orc:2    | Noticed Saint Roka
 20706 | Orc:2    | Killed Saint Roka
 20707 | Orc:2    | Reached skill level 16 in Shields
 20909 | Orc:2    | Found Ycse's Antique Weapon Emporium.
 20911 | Orc:2    | Found Sivamy's Antique Armour Shoppe.
 20918 | Orc:2    | Bought a runed broad axe for 238 gold pieces
 20988 | Orc:2    | Found Sotugiju's Weapon Shoppe.
 21294 | Orc:2    | Found Yrghyck's Antique Armour Shoppe.
 21299 | Orc:2    | Bought an ichor-stained scarf for 350 gold pieces
 21299 | Orc:2    | Identified the scarf of Zin, Imbibing {+Inv, rF+ Int+3}
                  | (You bought it in a shop on level 2 of the Orcish Mines)
 21924 | Orc:2    | Bought a sapphire-encrusted plate armour for 896 gold
                  | pieces
 21924 | Orc:2    | Identified the +5 plate armour "Posmem" {Will+ Int+3} (You
                  | bought it in a shop on level 2 of the Orcish Mines)
 22224 | D:12     | Reached skill level 17 in Shields
 22764 | D:13     | Noticed Snorg
 22777 | D:13     | Killed Snorg
 22952 | D:13     | Received a gift from Trog
 23014 | D:13     | Noticed Sonja
 23098 | D:14     | Noticed Agnes
 23104 | D:14     | Killed Agnes
 23218 | D:14     | Reached skill level 18 in Shields
 23276 | D:14     | Noticed Frances
 23291 | D:14     | Killed Frances
 23487 | D:14     | Found a gate to the Vaults.
 23571 | D:14     | Noticed Lodul
 23579 | D:14     | Killed Lodul
 23593 | D:14     | Identified the +1 scimitar "Meinn" {heavy, rPois rF+ Dex+3}
 23823 | D:14     | Reached skill level 19 in Shields
 24506 | D:14     | Reached skill level 20 in Shields
 24506 | D:14     | Reached XP level 16. HP: 121/149 MP: 15/15
 25430 | D:15     | Entered Level 15 of the Dungeon
 26198 | D:15     | Found a glowing silver altar of Zin.
 26250 | D:15     | Reached skill level 10 in Evocations
 26520 | D:15     | Found a snail-covered altar of Cheibriados.
 26580 | D:15     | Found a staircase to the Depths.
 26707 | D:15     | Received a gift from Trog
 27121 | D:13     | Found Boetukk's Armour Boutique.
 27839 | D:13     | Noticed Fiwishre's ghost (journeyman DjFE)
 27841 | D:13     | Identified the +5 great mace of Cufac {protect, rN+ Int+3
                  | Dex+3 Stlth+}
 27842 | D:13     | Found a transporter.
 27894 | D:13     | Killed Sonja
 28273 | D:13     | Found a transporter.
 28731 | Swamp:1  | Entered Level 1 of the Swamp
 29608 | Swamp:1  | Found a transporter.
 29617 | Swamp:1  | Found a one-way gate to the infinite horrors of the Abyss.
 29786 | Swamp:1  | Noticed Kikiss's ghost (adept DrSh)
 29829 | Swamp:1  | Noticed a tentacled starspawn
 29840 | Swamp:1  | Found a transporter.
 31143 | Swamp:2  | Identified the +3 hand axe of Trog's Regard {flame, rF+
                  | rCorr Str+2} (Trog gifted it to you on level 2 of the
                  | Swamp)
 31143 | Swamp:2  | Received a gift from Trog
 31819 | Swamp:2  | Reached XP level 17. HP: 111/161 MP: 16/16
 32153 | Swamp:3  | Noticed Nikola
 32163 | Swamp:3  | Killed Nikola
 32848 | Snake:1  | Entered Level 1 of the Snake Pit
 33053 | Snake:1  | Noticed Aizul
 33068 | Snake:1  | Killed Aizul
 33517 | Snake:1  | Found Talamn's CLEARANCE SALE!.
 33522 | Snake:1  | Bought a scroll of immolation for 12 gold pieces
 33591 | Snake:1  | Found a runed translucent door.
 33671 | Snake:1  | Noticed Eshruez's ghost (adept DEIE)
 33967 | Snake:1  | Killed Eshruez's ghost
 34678 | Snake:2  | Noticed Mlioglotl
 34691 | Snake:2  | Killed Mlioglotl
 35411 | Snake:3  | Received a gift from Trog
 35518 | Snake:3  | Reached skill level 21 in Shields
 36036 | Snake:2  | Reached XP level 18. HP: 47/178 MP: 17/17
 36288 | Snake:3  | Found Geberix's Book Emporium.
 36291 | Snake:3  | Noticed a walking earthen tome
 36591 | Snake:4  | Entered Level 4 of the Snake Pit
 36685 | Snake:4  | Reached skill level 22 in Shields
 37559 | Snake:4  | Identified the +6 halberd "Seshush" {heavy, rF+}
 38029 | Snake:4  | Received a gift from Trog
 38221 | Snake:4  | Reached skill level 23 in Shields
 39113 | Snake:4  | Got a serpentine rune of Zot
 39414 | Swamp:4  | Entered Level 4 of the Swamp
 39808 | Swamp:4  | Received a gift from Trog
 39964 | Swamp:4  | Got a decaying rune of Zot
 39980 | Swamp:4  | Noticed a tentacled monstrosity
 39989 | Swamp:4  | Killed a tentacled monstrosity
 40323 | Swamp:4  | HP: 4/178 [seven-headed hydra[a spriggan druid] (16)]
 40324 | Swamp:4  | Slain by a four-headed hydra

Illustrated notes

Levels and vault maps discovered:
D:1:      dpeg_arrival_shrine, layout_loops_corners, basic_ecumenical_altar
D:2:      layout_basic, skrybe_limestone_x, uniq_crazy_yiuf_cottage
D:3:      layout_basic, tgw_sif, goddamned_bats
D:4:      layout_cave_pools, general_overflow_altar, overflow_temple_1_default,
          okawaru_metal_pillars_1_2, serial_forest,
          infiniplex_forest_clump_curved, infiniplex_forest_lined_1,
          infiniplex_forest_clump_small, infiniplex_forest_split,
          infiniplex_forest_clump_large, infiniplex_forest_clump_small,
          infiniplex_forest_straight_2, infiniplex_forest_fountain,
          infiniplex_forest_clump_medium, infiniplex_forest_lined_1, uniq_robin
D:5:      layout_rooms, nicolae_letterblocks [nicolae_letter_subblock,
          nicolae_letter_subblock, nicolae_letter_subblock,
          nicolae_letter_subblock, nicolae_letter_subblock,
          nicolae_letter_subblock, nicolae_letter_subblock,
          nicolae_letter_subblock, nicolae_letter_subblock,
          nicolae_letter_subblock, nicolae_letter_subblock,
          nicolae_letter_subblock, nicolae_letter_subblock,
          nicolae_letter_subblock, nicolae_letter_subblock,
          nicolae_letter_subblock, nicolae_letter_subblock,
          nicolae_letter_subblock, nicolae_letter_subblock,
          nicolae_letter_subblock, nicolae_letter_subblock,
          nicolae_letter_subblock, nicolae_letter_subblock,
          nicolae_letter_subblock, nicolae_letter_subblock], uniq_prince_ribbit1
D:6:      layout_basic, minmay_temple_entry_butterflies
D:7:      layout_loops_ring, chequers_mini_garden,
          chequers_serial_rivers_micro_a
D:8:      layout_gridville, kennysheep_pointless_box, uniq_pikel
D:9:      minmay_the_grid_triangle_9x9_recursive_2_mashed
          [minmay_the_grid_triangle_9x9_prize_center,
          minmay_the_grid_triangle_9x9_longest,
          minmay_the_grid_triangle_9x9_corrupted_corridor,
          minmay_the_grid_triangle_9x9_steps], layout_basic,
          dreamdust_divine_triumvirate, serial_shops, shop, uniq_jeremiah,
          uniq_erolcha
D:10:     layout_irregular_city, mainiacjoe_overflow_surrounded_room
D:11:     layout_basic, grunt_lair_entry_orc_guard_hut, orc_david_3,
          dreamdust_princess_corridor, uniq_urug, uniq_gastronok
D:12:     layout_cave_pools
D:13:     layout_layer_cave, gammafunk_ghost_smash, kennysheep_donut,
          nicolae_stop_n_shop_1, uniq_sonja, uniq_snorg
D:14:     minmay_spiral_squares, layout_layer_cave,
          hellmonk_vaults_order_and_chaos, st_stairs_2, uniq_frances,
          uniq_lodul, uniq_agnes
D:15:     grunt_enter_depths_snipers, layout_long_grid,
          lemuel_coloured_pillars_altar, slow_altar_2
Lair:1:   layout_loops_ring, infiniplex_staircase_pool_2
Lair:2:   layout_roguey
Lair:3:   layout_regular_city, swamp_mist_pool, dummy_snake_entry,
          grunt_megastairs_4
Lair:4:   gammafunk_lair_enchanted_lake, layout_regular_city,
          small_statue_intersection, serial_bayou_pond_b, beast_lair_carwin_8,
          serial_bayou_shore_a, lemuel_fruit_tree, infiniplex_staircase_pool
Lair:5:   wormcave, layout_misc_corridors, minmay_slime_entry_oklob_open,
          serial_bayou_shore_b, lemuel_fruit_fields
Swamp:1:  layout_basic_swamp, gammafunk_ghost_abyssal_escape, serial_swamp_ruin,
          evilmike_swamp_ruin_rubble_1, hangedman_swamp_ruin_wall,
          evilmike_swamp_ruin_house_4
Swamp:2:  layout_basic_swamp, nicolae_swamp_small_spring
Swamp:3:  layout_basic_swamp, nicolae_swamp_fairy_circle, swamp_pool1,
          uniq_nikola
Swamp:4:  swamp_alternative, layout_basic_swamp, swamp_pool1
Snake:1:  layout_honeycomb, ebering_ghost_inner_flame, nicolae_shop_clearance,
          uniq_aizul
Snake:2:  layout_misc_corridors, nicolae_integral_box, uniq_mlioglotl
Snake:3:  layout_honeycomb, serial_shops, nicolae_shop_mannequins
Snake:4:  snake_pit_salamanders_mu, layout_cave_town
Orc:1:    layout_caves, mines5_lemuel
Orc:2:    grunt_orc_community_town_hall, layout_caves,
          grunt_orc_community_big_house_1, grunt_orc_community_big_house_2,
          grunt_orc_community_house_1, grunt_orc_community_house_2,
          grunt_orc_community_house_3, grunt_orc_community_house_2,
          bloody_makhleb, uniq_saint_roka, uniq_donald

Skill      XL: |  1  2  3  4  5  6  7  8  9 10 11 12 13 14 15 16 17 18 |
---------------+-------------------------------------------------------+-----
Axes           | 4 5 6 8 10 13 14 15 16 18 | 18.0
Fighting       | 4 5 10 12 13 15 17 20 | 20.0
Armour         | 3 4 5 6 7 9 |  9.0
Throwing       | 3 5 |  5.0
Evocations     | 3 5 7 8 12 14 | 14.7
Dodging        | 4 6 8 |  8.0
Shields        | 4 8 11 15 20 21 23 | 23.0

Action                     |  1- 3 |  4- 6 |  7- 9 | 10-12 | 13-15 | 16-18 || total
---------------------------+-------+-------+-------+-------+-------+-------++-------
  Melee: Hand axe          |    71 |   129 |   289 |    70 |       |       ||   559
         Headbutt          |    11 |    19 |    51 |   117 |   268 |   384 ||   850
         Punch             |       |     1 |     1 |     2 |       |       ||     4
         War axe           |       |       |       |   431 |   704 |       ||  1135
         Broad axe         |       |       |       |       |   379 |  1422 ||  1801
 Invoke: Trog's Hand       |       |       |       |     2 |     2 |     1 ||     5
         Berserk           |       |       |       |     2 |     3 |     1 ||     6
         Brothers in Arms  |       |       |       |       |     1 |     4 ||     5
  Evoke: Wand              |       |       |       |       |       |    18 ||    18
    Use: Scroll            |       |       |     6 |     2 |     3 |    21 ||    32
         Potion            |       |       |       |       |     1 |     2 ||     3
   Stab: Petrified         |       |       |       |       |     3 |       ||     3
         Invisible         |       |       |       |       |       |     2 ||     2
 Armour: Chain mail        |    51 |   102 |   166 |   292 |   444 |       ||  1055
         Animal skin       |     2 |       |       |       |       |       ||     2
         Skin              |       |       |       |       |    14 |       ||    14
         Plate armour      |       |       |       |       |   230 |   985 ||  1215
  Dodge: Dodged            |    26 |    68 |    92 |   153 |   272 |   396 ||  1007
  Block: Kite shield       |       |       |       |   119 |   552 |   995 ||  1666
         Reflection        |       |       |       |       |       |    25 ||    25

Table legend: (Time is in decaauts)
 A = Elapsed time spent in this place.
 B = Non-inter-level travel time spent in this place.
 C = Inter-level travel time spent in this place.
 D = Time resting spent in this place.
 E = Time spent auto-exploring this place.
 F = Levels seen in this place.
 G = Mean time per level.
                   A        B        C        D        E       F      G
               +--------+--------+--------+--------+--------+-----+--------+
         Total |  39999 |  38046 |   1953 |   7990 |  22093 |  30 | 1333.3 |
       Dungeon |  18358 |  17527 |    831 |   2178 |  12185 |  15 | 1223.9 |
          Lair |   7846 |   7338 |    508 |   1817 |   3862 |   5 | 1569.2 |
         Swamp |   5113 |   4968 |    145 |   2118 |   1659 |   4 | 1278.2 |
     Snake Pit |   6274 |   5992 |    282 |   1076 |   3381 |   4 | 1568.5 |
  Orcish Mines |   2406 |   2221 |    185 |    800 |   1005 |   2 | 1203.0 |
               +--------+--------+--------+--------+--------+-----+--------+

Top non-repeatable levels by time:
  Lair:4: 3241 daAuts
    D:14: 2969 daAuts
 Snake:4: 2592 daAuts
 Swamp:2: 1835 daAuts
   Orc:2: 1835 daAuts
    D:13: 1738 daAuts
  Lair:5: 1680 daAuts
     D:8: 1660 daAuts
 Swamp:1: 1623 daAuts
    D:11: 1488 daAuts
     D:9: 1472 daAuts
 Snake:2: 1363 daAuts
 Snake:1: 1186 daAuts
  Lair:3: 1172 daAuts
     D:3: 1156 daAuts
